AoeStats
← Scotch_Bonnet

Arena

507274440Analyzed
1v1 RM · 14d ago on Sep 17, 2026· 43m 10s· 2 players
Game mode
Random Map
Map size
Tiny (2 player)
Population
200
Speed
Normal
Resources
Standard
Victory
Conquest
Starting age
Dark Age
Ending age
Imperial Age
RankedLock teamsTeams togetherTeam positionsShared explorationLock speedFull tech treeHidden civsTurbo modeCheats
Victory
Defeat
🇺🇸 Malay · United States
1003
+14
🇬🇧 Mongols · United Kingdom
952
-41
[spank] Lord of the Spank
10:58 Feudal Age
15:26 Castle Age
14:58 Double-Bit Axe
15:22 Town Watch
23:17 Wheelbarrow
24:51 Hand Cart
25:28 Bow Saw
25:05 Horse Collar
25:29 Gold Mining
25:59 Stone Mining
26:13 Heavy Plow
27:11 Loom
31:27 Imperial Age
28:55 Fletching
29:06 Padded Archer Armor
29:45 Bodkin Arrow
29:58 Town Patrol
29:28 Man-at-Arms
30:09 Squires
30:08 Elite Skirmisher
30:54 Thumb Ring
31:06 Bracer
32:09 Chemistry
31:52 Crop Rotation
31:00 Long Swordsman
31:52 Forging
32:03 Leather Archer Armor
33:09 Gold Shaft Mining
33:07 Ballistics
34:04 Stone Shaft Mining
35:10 Ring Archer Armor
35:16 Iron Casting
34:03 Two-Handed Swordsman
35:07 Conscription
36:59 Forced Levy
39:14 Blast Furnace
40:54 Masonry
40:25 Treadmill Crane
40:53 Siege Engineers
40:43 Murder Holes
Scotch_Bonnet
12:36 Feudal Age
11:38 Loom
15:20 Wheelbarrow
20:34 Castle Age
19:18 Double-Bit Axe
19:18 Horse Collar
24:44 Town Watch
29:05 Hand Cart
30:23 Heavy Plow
31:01 Husbandry
31:14 Bloodlines
37:52 Imperial Age
35:31 Town Patrol
38:45 Scale Barding Armor
38:41 Padded Archer Armor
38:33 Fletching
39:22 Conscription
39:11 Onager
42:49 Drill
Connection lost

Rejoining the realm…

Still unreachable

The connection could not be restored.

Session expired

The server has moved on; the page needs a fresh start.